 Dungeon Crawl Stone Soup version 0.27-a0-61-g21144fbd99 (webtiles) character file.

Game seed: 5921316933474963492

134 shakesphere1979 the Sneak (level 4, -1/21 HPs)
             Began as a Spriggan Earth Elementalist on Jan 8, 2021.
             Slain by a gnoll
             ... wielding a +0 spear
              (7 damage)
             ... on level 4 of the Dungeon.
             The game lasted 00:08:18 (3679 turns).

shakesphere1979 the Sneak (SpEE)                    Turns: 3679, Time: 00:08:19

Health: -1/21      AC:  2    Str:  4    XL:     4   Next: 95%
Magic:  3/10       EV: 19    Int: 17    God:
Gold:   214        SH:  0    Dex: 16    Spells: 9/10 levels left

rFire    . . .     SeeInvis +   v - +0 whip (curse)
rCold    . . .     Faith    .   (shield restricted)
rNeg     . . .     Spirit   .   c - +0 robe
rPois    .         Reflect  .   (helmet restricted)
rElec    .         Harm     .   (no cloak)
rCorr    .         Rampage  .   (gloves unavailable)
Will     .....                  (boots unavailable)
Stlth    +++.......             (no amulet)
HPRegen  0.07/turn              (no ring)
MPRegen  0.12/turn              (no ring)

@: very quick
A: very small, unfitting armour, see invisible, speed 3
a: no special abilities


You were on level 4 of the Dungeon.
You visited 1 branch of the dungeon, and saw 4 of its levels.

You collected 214 gold pieces.

Inventory:

Hand Weapons
 m - a +0 vorpal mace
 q - a +0 hunting sling
 v - a cursed +0 whip (weapon)
Missiles
 d - 69 stones
 j - 15 sling bullets
 l - 50 arrows
 o - 19 poisoned darts (quivered)
 t - 20 bolts
Armour
 c - a +0 robe (worn)
Jewellery
 p - a cursed -4 ring of intelligence {unknown}
Scrolls
 a - 4 scrolls of identify
 b - 2 scrolls of remove curse
 f - 2 scrolls of enchant armour {unknown}
 g - 3 scrolls of fog
 h - 2 scrolls of teleportation
 i - a scroll of blinking {unknown}
 n - 2 scrolls of immolation {unknown}
 s - a scroll of enchant weapon {unknown}
 w - a scroll of magic mapping {unknown}
Potions
 e - a potion of mutation {unknown}
 k - 2 potions of heal wounds
 r - a potion of degeneration {unknown}
 u - a potion of brilliance {unknown}


   Skills:
 + Level 4.2 Dodging
 + Level 4.4 Stealth
 + Level 3.7 Spellcasting
 + Level 3.0 Transmutations
 + Level 3.3 Earth Magic


You had 9 spell levels left.
You knew the following spells:

 Your Spells              Type           Power        Failure   Level
a - Sandblast             Erth           28%          4%          1

Your spell library contained the following spells:

 Spells                   Type           Power        Failure   Level
 Passwall                 Tmut/Erth      10%          7%          2
 Stone Arrow              Conj/Erth      16%          24%         3
 Petrify                  Tmut/Erth      13%          41%         4
 Lee's Rapid Deconstruct  Erth           7%           75%         5


Dungeon Overview and Level Annotations

Branches:
Dungeon (4/15)
 Temple: D:4-7

Altars:
Vehumet


Innate Abilities, Weirdness & Mutations

You are very small and have problems with some larger weapons.
You are too small for most types of armour.
You have supernaturally acute eyesight. (SInv)
You cover ground extremely quickly.


Message History

Confirm with . or Enter, or press ? or * to list all spells.
Aiming: Sandblast (safe; 4% risk of failure)
Press: ? - help, Shift-Dir - straight line, f/p - gnoll
Aim: a gnoll, wielding a +0 halberd (almost dead, 18% to evade)
The blast of sand hits the gnoll but does no damage.
The gnoll is almost dead.
d - 70 stones The jackal misses you.
The gnoll barely misses you. The jackal barely misses you.
The gnoll misses you.
Casting: Sandblast (safe; 4% risk of failure)
Confirm with . or Enter, or press ? or * to list all spells.
Aiming: Sandblast (safe; 4% risk of failure)
Press: ? - help, Shift-Dir - straight line, f/p - gnoll
Aim: a gnoll, wielding a +0 halberd (almost dead, 18% to evade)
The blast of sand hits the gnoll.
You kill the gnoll!
d - 69 stones The jackal closely misses you.
The gnoll hits you from afar with a +0 spear!
You die...

######### # #
#...gg.)#.#.#
#####@#.#.### #
#.(..h#......
#.#.......#.###
#..............
......#.#.#.### #####
.####.#.#.#.# #...#
........#...# #.#.#.#
.#...#...########.#.#.#
##.###...).......#.#.#


You could see 2 gnolls and a jackal.

Vanquished Creatures
  An orc wizard (D:3)
  A hound skeleton (D:4)
  A gnoll (D:4)
  An adder (D:2)
  An ooze (D:3)
  A worm (D:2)
  4 dart slugs
  2 leopard geckos
  4 orcs (D:3)
  A ball python (D:2)
  A giant cockroach (D:2)
  10 hobgoblins
  8 jackals (D:1)
  6 kobolds
  2 bats (D:2)
  9 frilled lizards
  6 goblins
  8 rats
67 creatures vanquished.

Notes
Turn   | Place    | Note
-------+----------+-------------------------------------------
     0 | D:1      | shakesphere1979 the Spriggan Earth Elementalist began the
                  | quest for the Orb.
     0 | D:1      | Reached XP level 1. HP: 9/9 MP: 5/5
   227 | D:1      | Reached XP level 2. HP: 13/13 MP: 4/6
   857 | D:1      | Reached XP level 3. HP: 16/16 MP: 5/8
  1628 | D:2      | You fall into a shaft and drop 1 floor!
  1801 | D:3      | Reached XP level 4. HP: 14/21 MP: 6/10
  3656 | D:4      | Found a radiant altar of Vehumet.
  3679 | D:4      | Slain by a gnoll

Illustrated notes

Levels and vault maps discovered:
D:1:      dpeg_arrival_tiny_j, layout_loops_ring, item_on_display_b
D:2:      layout_rooms
D:3:      layout_loops_ring
D:4:      layout_basic, nzn_hepliaklqana_mist_gate, vehumet_crystals,
          minmay_temple_entry_sparse_star, nicolae_tso_besieged_by_evil

Skill      XL: |  1  2  3  4 |
---------------+-------------+-----
Spellcasting   | 3 |  3.7
Transmutations | 2 3 |  3.0
Earth Magic    | 3 |  3.3
Stealth        | 4 |  4.4
Dodging        | 4 |  4.2

Action                   |  1- 3 |  4- 6 || total
-------------------------+-------+-------++-------
Melee: Club              |    38 |       ||    38
       Mace              |    44 |    63 ||   107
       Whip              |       |    36 ||    36
Throw: Dart              |    13 |       ||    13
 Cast: Sandblast         |    33 |    21 ||    54
  Use: Potion            |     1 |       ||     1
       Scroll            |       |     5 ||     5
 Stab: Sleeping          |     7 |     5 ||    12
Armor: Robe              |     5 |     7 ||    12
Dodge: Dodged            |    97 |   123 ||   220

Table legend: (Time is in decaauts)
 A = Elapsed time spent in this place.
 B = Non-inter-level travel time spent in this place.
 C = Inter-level travel time spent in this place.
 D = Time resting spent in this place.
 E = Time spent auto-exploring this place.
 F = Levels seen in this place.
 G = Mean time per level.
                   A        B        C        D        E       F      G
               +--------+--------+--------+--------+--------+-----+--------+
         Total |   3045 |   2988 |     57 |   1076 |   1178 |   4 |  761.2 |
       Dungeon |   3045 |   2988 |     57 |   1076 |   1178 |   4 |  761.2 |
               +--------+--------+--------+--------+--------+-----+--------+

Top non-repeatable levels by time:
     D:1: 1206 daAuts
     D:3: 1118 daAuts
     D:2: 665 daAuts
     D:4: 55 daAuts
